 Dungeon Crawl Stone Soup version 0.17.0-24-gcfadda4 (console) character file.

1 jw the Ducker (level 1, -2/16 HPs)
             Began as an Octopode Berserker on Nov 18, 2015.
             Was a Follower of Trog.
             Slain by a goblin
             ... wielding a +0 club
              (5 damage)
             ... on level 1 of the Dungeon.
             The game lasted 00:00:36 (77 turns).

jw the Ducker (Octopode Berserker)                    Turns: 77, Time: 00:00:36

Health: -2/16      AC:  1    Str: 16    XL:     1   Next: 20%
Magic:  1/1        EV: 12    Int:  9    God:    Trog [*.....]
Gold:   0          SH:  0    Dex: 11    Spells: 0 memorised, 0 levels left

rFire  . . .     SeeInvis .     a - +0 short sword
rCold  . . .     Clarity  .     (no shield)
rNeg   . . .     SustAt   .     (helmet restricted)
rPois  +         Gourm    .     (no amulet)
rElec  .         Spirit   .     e - ring of poison resistance
rCorr  .         Warding  .     (no ring)
rMut   .         Stasis   .     (no ring)
MR     .....                    (no ring)
Stlth  ++........               (no ring)
                                (no ring)
                                (no ring)
                                (no ring)

@: not resistant to hostile enchantments, unstealthy
A: almost no armour, amphibious, 8 rings, constrict 8, camouflage 1, gelatinous
body 1
a: Berserk, Burn Spellbooks, Renounce Religion


You were on level 1 of the Dungeon.
You worshipped Trog.
Trog was aware of your devotion.
You were not hungry.

You visited 1 branch of the dungeon, and saw 1 of its levels.

Inventory:

Hand Weapons
 a - a +0 short sword (weapon)
Missiles
 c - 13 stones (quivered)
Jewellery
 e - a ring of poison resistance (left tentacle)
Scrolls
 f - a scroll of remove curse {unknown}
Potions
 d - a potion of brilliance {unknown}
Comestibles
 b - a bread ration


   Skills:
 + Level 3.0 Fighting
 * Level 3.0 Short Blades
 + Level 0.2 Throwing
 + Level 3.0 Dodging
 * Level 0.0 Stealth


You couldn't memorise any spells.
You didn't know any spells.

Dungeon Overview and Level Annotations

Branches:
Dungeon (1/15)

Altars:


Innate Abilities, Weirdness & Mutations

You cannot wear most types of armour.
You are amphibious.
You can wear up to eight rings at the same time.
You can use your tentacles to constrict eight enemies at once.
Your skin changes colour to match your surroundings (Stealth).
Your rubbery body absorbs attacks (AC +1).


Message History

The giant gecko closely misses you.
MOVING TO (1,1)
The bat hits you but does no damage.
MOVING TO (-7,-7)
You closely miss the giant gecko. Your grab misses the giant gecko.
The bat barely misses you. The giant gecko barely misses you.
MOVING TO (-7,-6)
The bat hits you but does no damage. The giant gecko barely misses you.
The rat bites you.
MOVING TO (-6,-6)
You hit the goblin. Your grab misses the goblin.
The goblin is almost dead.
The bat closely misses you. The giant gecko closely misses you.
The rat closely misses you.
MOVING TO (-5,-6)
The bat hits you. The goblin hits you but does no damage.
The rat bites you but does no damage.
MOVING TO (-4,-5)
The bat completely misses you. The goblin hits you with a club.
You die...

..
#..7PP..P...7...###....
#..7PP..PP..7...##.....
#..777777777........###
#..................##
.#.....?.$..........#
..$..............####
................# #
.##..#l........#
#..xbr...###.#
.....#.#g....# #.# .##
#....##......
#........####..##
..##.....# ... .
.......# .. ...#.....
....##..... .## #...#.


You could see a giant gecko, a goblin, a bat and a rat.

Table legend:
 A = Turns spent in this place as a percentage of turns spent in the entire game.
 B = Non-inter-level travel turns spent in this place as a percentage of non-inter-level travel turns spent in the entire game.
 C = Inter-level travel turns spent in this place as a percentage of turns spent in this place.
 D = Turns resting spent in this place as a percentage of non-inter-level travel turns spent in this place.
 E = Turns spent auto-exploring this place as a percentage of non-inter-level travel turns spent in this place.
 F = Non-inter-level travel turns spent in this place divided by the number of levels of this place that you've seen.
                   A       B       C       D       E      F
               +-------+-------+-------+-------+-------+----------------------
         Total | 100.0 | 100.0 |   0.0 |   0.0 |   2.6 | 268.0
       Dungeon | 100.0 | 100.0 |   0.0 |   0.0 |   2.6 | 268.0
               +-------+-------+-------+-------+-------+----------------------

Table legend:
 A = Kills in this place as a percentage of kills in entire the game.
 B = Kills by you in this place as a percentage of kills by you in the entire game.
 C = Kills by friends in this place as a percentage of kills by friends in the entire game.
 D = Other kills in this place as a percentage of other kills in the entire game.
 E = Experience gained in this place as a percentage of experience gained in the entire game.
 F = Experience gained in this place divided by the number of levels of this place that you have seen.
                   A       B       C       D       E      F
               +-------+-------+-------+-------+-------+----------------------
         Total | 100.0 | 100.0 |  -nan |  -nan | 100.0 |   2.0
       Dungeon | 100.0 | 100.0 |  -nan |  -nan | 100.0 |   2.0
               +-------+-------+-------+-------+-------+----------------------

Vanquished Creatures
  A bat (D:1)
  A kobold (D:1)
2 creatures vanquished.

Notes
Turn   | Place    | Note
--------------------------------------------------------------
     0 | D:1      | jw the Octopode Berserker began the quest for the Orb.
     0 | D:1      | Reached XP level 1. HP: 16/16 MP: 1/1
    77 | D:1      | Slain by a goblin

Action                   || total
-------------------------++-------
Melee: Short sword       ||     4
Throw: Stone             ||     1
 Stab: Sleeping          ||     1

Vault maps used:
D:1:      scummos_arrival_checkerplants
